 Dungeon Crawl Stone Soup version 0.27.1-4-g1640c2035a (webtiles) character file.

Game seed: 5198743083293327987

5 ephemera the Grave Robber (level 1, -4/13 HPs)
             Began as a Mummy Necromancer on Oct 13, 2021.
             Slain by a worm (9 damage)
             ... on level 2 of the Dungeon on Nov 2, 2021.
             The game lasted 00:07:58 (545 turns).

ephemera the Grave Robber (Mummy Necromancer)        Turns: 545, Time: 00:07:58

Health: -4/13      AC:  3    Str: 11    XL:     1   Next: 66%
Magic:  2/4        EV: 15    Int: 14    God:
Gold:   43         SH:  0    Dex: 12    Spells: 4/5 levels left

rFire    x . .     SeeInvis .   c - +0 club
rCold    + . .     Faith    .   (no shield)
rNeg     + + +     Spirit   .   d - +0 leather armour
rPois    ∞         Reflect  .   (no helmet)
rElec    .         Harm     .   (no cloak)
rCorr    .         Rampage  .   (no gloves)
Will     .....                  (no boots)
Stlth    +.........             (no amulet)
HPRegen  0.04/turn              e - +4 ring of evasion
MPRegen  0.09/turn              (no ring)

@: no status effects
A: cold resistance 1, negative energy resistance 3, torment resistance 2, heat
vulnerability 1, no potions
a: no special abilities


You were on level 2 of the Dungeon.
You visited 1 branch of the dungeon, and saw 2 of its levels.

You collected 43 gold pieces.

Inventory:

Hand Weapons
 c - a +0 club (weapon)
Armour
 a - a +0 robe
 d - a +0 leather armour (worn)
Jewellery
 e - a +4 ring of evasion (left hand)
Scrolls
 b - a scroll of vulnerability {unknown}


   Skills:
 + Level 1.5 Dodging
 + Level 1.5 Stealth
 + Level 2.9 Spellcasting
 + Level 4.2 Necromancy


You had 4 spell levels left.
You knew the following spells:

 Your Spells              Type           Power      Damage    Failure   Level
a - Pain                  Necr           52%        1d6       4%          1

Your spell library contained the following spells:

 Spells                   Type           Power      Damage    Failure   Level
 Animate Skeleton         Necr           26%        N/A       4%          1
 Vampiric Draining        Necr           6%         2d6       16%         3
 Animate Dead             Necr           6%         N/A       45%         4
 Agony                    Necr           13%        N/A       80%         5


Dungeon Overview and Level Annotations

Branches:
Dungeon (2/15)

Altars:


Innate Abilities, Weirdness & Mutations

You are immune to poison.
Your flesh is cold resistant. (rC+)
You are immune to negative energy. (rN+++)
You are immune to unholy pain and torment.
You are vulnerable to heat. (rF-)
You do not drink.


Message History

The worm writhes in agony.
A goblin comes into view. It is wielding a +0 dagger.
Aiming: Pain (safe; 4% risk of failure)
Press: ? - help, Q - select action Shift-Dir - straight line, f/p - worm
Aim: a worm (moderately wounded, chance to affect: 77%)
The worm barely resists.
The goblin shouts!
The goblin unwields a +0 dagger.
The goblin wields a +0 hunting sling.
The goblin shoots a stone.
The stone misses you.
Aiming: Pain (safe; 4% risk of failure)
Press: ? - help, Q - select action Shift-Dir - straight line, f/p - worm
Aim: a worm (moderately wounded, chance to affect: 77%)
The worm writhes in agony.
The goblin shoots a stone.
The stone hits you but does no damage.
Aiming: Pain (safe; 4% risk of failure)
Press: ? - help, Q - select action Shift-Dir - straight line, f/p - worm
Aim: a worm (heavily wounded, chance to affect: 77%)
The worm writhes in agony.
You can't drink.
Okay, then.
The goblin shoots a stone.
The stone completely misses you.
The goblin shoots a stone.
The stone hits you.
The goblin shoots a stone.
The stone hits you but does no damage.
The goblin shoots a stone.
The stone misses you.
c - a +0 club (weapon)
You hit the worm.
The worm is heavily wounded.
The worm closely misses you. The worm bites you.
You hit the worm but do no damage.
The worm is heavily wounded.
The worm closely misses you.
You hit the worm.
The worm is heavily wounded.
The worm misses you.
Unknown command.
You hit the worm.
The worm is severely wounded.
The worm bites you!
Ouch! That really hurt!
You die...

#............
#...........#
#........##.#
#.<......#
######.#####
#.....########..
#......#........
#........######.
#.....@..#
#####ww#..#
##.g##.... #...#
####. #...#
g........#
...#....... .
...........
#.......#.....


You could see 2 worms and a goblin.

Vanquished Creatures
  2 endoplasms (D:1)
  A ball python (D:1)
  A bat (D:1)
  2 kobolds (D:1)
6 creatures vanquished.

Notes
Turn   | Place    | Note
-------+----------+-------------------------------------------
     0 | D:1      | ephemera the Mummy Necromancer began the quest for the Orb.
     0 | D:1      | Reached XP level 1. HP: 13/13 MP: 4/4
    27 | D:1      | Upgraded the game from 0.27.1-3-gb3d3a73c9e to
                  | 0.27.1-4-g1640c2035a
   545 | D:2      | Slain by a worm

Illustrated notes

Levels and vault maps discovered:
D:1:      elethiomel_arrival_shortcut, layout_basic, serial_shops, shop_statue,
          minivault_4, minmay_unequal
D:2:      layout_rooms

Action                   || total
-------------------------++-------
Melee: Club              ||     4
 Cast: Pain              ||    15
Armor: Leather armour    ||     2
       Robe              ||     1
Dodge: Dodged            ||     7
